 Dungeon Crawl Stone Soup version 0.31.0-11-ge490571c62 (webtiles) character file.

Game seed: 11606046819559874707

371 qw the Shooter (level 6, -3/30 HPs)
             Began as a Spriggan Hunter on Feb 3, 2024.
             Slain by an ogre
             ... wielding a +0 giant club
              (33 damage)
             ... on level 4 of the Dungeon.
             The game lasted 00:01:20 (2532 turns).

qw the Shooter (Spriggan Hunter)                    Turns: 2532, Time: 00:01:20

Health: -3/30      AC:  3    Str:  7    XL:     6   Next: 42%
Magic:  6/6        EV: 21    Int: 11    God:
Gold:   201        SH:  0    Dex: 20    Spells: 5/5 levels left

rFire   . . .        a - +1 shortbow (drain)
rCold   + . .        (shield currently unavailable)
rNeg    . . .        g - +1 robe {rC+}
rPois   .            (helmet restricted)
rElec   .            (no cloak)
rCorr   .            (gloves unavailable)
SInv    +            (boots unavailable)
Will    +....        h - amulet of the acrobat
Stlth   ++           (no ring)
HPRegen 0.25/turn    (no ring)
MPRegen 0.10/turn

%: acrobat, clarity
@: very quick
A: very small, no large weapons, unfitting armour, see invisible, speed 3,
clarity, low MP 1, wild magic 1
a: no special abilities


You were on level 4 of the Dungeon.
You visited 1 branch of the dungeon, and saw 5 of its levels.

You collected 201 gold pieces.


Innate Abilities, Weirdness & Mutations

You are very small and have problems with some larger weapons.
You are too small for most types of armour.
You have supernaturally acute eyesight. (SInv)
You cover ground extremely quickly. (Speed+++)
You possess an exceptional clarity of mind.
Your magical capacity is low. (-10% MP)
Your spells are a little harder to cast, but a little more powerful.


   Skills:
 - Level 2.0 Fighting
 + Level 6.3 Ranged Weapons
 - Level 6.1 Dodging
 - Level 1.5 Stealth


You had 5 spell levels left.
You didn't know any spells.
Your spell library was empty.

Inventory:

Hand Weapons
 a - a +1 shortbow of draining (weapon)
Armour
 g - a +1 robe of cold resistance (worn)
Jewellery
 h - an amulet of the acrobat (around neck)
Wands
 d - a wand of polymorph (13)
Scrolls
 i - a scroll of identify {unknown}
Potions
 b - 2 potions of heal wounds
 c - 2 potions of curing
 e - a potion of haste {unknown}
 f - a potion of berserk rage {unknown}
 j - a potion of might

Dungeon Overview and Level Annotations

Branches:
Dungeon (5/15)
 Temple: D:4-7

Altars:
Hepliaklqana
Sif Muna
The Shining One

Shops:
D:3 (   D:4 :


Message History

The hobgoblin zombie is moderately damaged.
The hobgoblin zombie closely misses you.
You shoot an arrow. The arrow hits the hobgoblin zombie!
You destroy the hobgoblin zombie!
You now have 201 gold pieces (gained 17).
You open the door.
Found a leather armour.
There is an open door here.
You open the door.
An ogre, 2 quokkas, a ribbon worm, a hound and a goblin come into view.
The hound barks!
The endoplasm falls through a shaft!
The shaft crumbles and collapses.
You shoot an arrow. The arrow closely misses the hound.
The ogre shouts!
You hear a shout!
An orc comes into view. It is wielding a +0 club.
You shoot an arrow. The arrow hits the hound.
The hound is lightly wounded.
You shoot an arrow. The arrow hits the hound!
You drain the hound.
The hound is severely wounded.
The hound completely misses you.
You shoot an arrow. The arrow hits the hound!
You kill the hound!
The quokka completely misses you.
You shoot an arrow. The arrow hits the quokka.
The quokka is lightly wounded.
The quokka barely misses you.
You shoot an arrow. The arrow barely misses the quokka. x2
The arrow hits the orc.
You drain the orc.
You kill the orc!
You shoot an arrow. The arrow hits the quokka!
You kill the quokka!
The goblin closely misses you.
You shoot an arrow. The arrow hits the goblin.
You drain the goblin.
You kill the goblin!
You shoot an arrow. The arrow hits the ogre.
The ogre is lightly wounded.
The ogre hits you with a +0 giant club!!
Ouch! That really hurt!
You die...

.....#.##......#...##.....##.....
.##..#.##.....##...#.%....(#....#
..#..).#......##...'.......#....#
............####...#......)#.....
.......###### #...##....(##.....
..#).### #... #...###[..###.....
###....# ..... #...# #######....#
#....# ......#%..####........##
#....# ....)wO@..##......###..#
###....# .....r#...##.....###....
#.#....# ..... #...#......##.....
.......# #... #...)....####....#
.......#####################...##
.)......# #...................##
##......## ##....#)..............
##.####..# #..).#...............
#..###...####....................


You could see an ogre, a ribbon worm and a quokka.

Vanquished Creatures
  A scorpion (D:3)
  5 hounds
  4 adders (D:2)
  A white imp (D:4)
  2 ribbon worms
  4 dart slugs
  2 orcs (D:4)
  10 bats
  7 endoplasms
  3 giant cockroaches
  11 goblins
  7 hobgoblins
  7 jackals
  6 quokkas
  9 ball pythons
  4 frilled lizards (D:3)
  A goblin skeleton (D:4)
  A goblin zombie (D:4)
  2 hobgoblin zombies (D:4)
  7 kobolds
  A kobold skeleton (D:4)
  A kobold zombie (D:4)
  2 orc skeletons (D:4)
  An orc zombie (D:4)
  5 rats
104 creatures vanquished.

Notes
Turn   | Place    | Note
-------+----------+-------------------------------------------
     0 | D:1      | qw the Spriggan Hunter began the quest for the Orb.
     0 | D:1      | Reached XP level 1. HP: 10/10 MP: 2/2
     0 | D:1      | 0 ||| qw: Version: 0.3-a-155-g5e7d8dd
     0 | D:1      | 0 ||| qw: Game counter: 3476
     0 | D:1      | 0 ||| qw: Melee chars always use a shield: true
     0 | D:1      | 0 ||| qw: God list: Okawaru
     0 | D:1      | 0 ||| qw: Allow faded altars: false
     0 | D:1      | 0 ||| qw: Do Orc after clearing Dungeon:15 true
     0 | D:1      | 0 ||| qw: Do second Lair branch before Depths: true
     0 | D:1      | 0 ||| qw: Lair rune preference: random
     0 | D:1      | 0 ||| qw: Goals: Normal
     0 | D:1      | 0 ||| PLANNING D:1-11
    58 | D:1      | Reached skill level 3 in Dodging
   156 | D:1      | Reached XP level 2. HP: 14/14 MP: 3/3
   164 | D:1      | Found a faded altar of an unknown god.
   379 | D:1      | 379 ||| UPGRADING to +1 robe of cold resistance.
   389 | D:1      | 389 ||| DROPPING +0 robe.
   390 | D:1      | 390 ||| UPGRADING to amulet of the acrobat.
   395 | D:1      | 395 ||| READING scroll labelled IZAOKIZ FAPNI.
   396 | D:1      | 396 ||| READING scroll labelled LOTAITWUNGI.
   397 | D:1      | 397 ||| READING scroll labelled HOQOWK CYLE.
   398 | D:1      | 398 ||| DROPPING scroll of butterflies.
   448 | D:2      | Reached XP level 3. HP: 8/18 MP: 4/4
   479 | D:2      | 479 ||| FLEEEEING.
   480 | D:2      | 480 ||| FLEEEEING.
   481 | D:2      | 481 ||| FLEEEEING.
   482 | D:2      | 482 ||| FLEEEEING.
   483 | D:2      | 483 ||| FLEEEEING.
   484 | D:2      | 484 ||| FLEEEEING.
   487 | D:2      | 487 ||| FLEEEEING.
   488 | D:2      | 488 ||| FLEEEEING.
   489 | D:2      | 489 ||| FLEEEEING.
   490 | D:2      | 490 ||| FLEEEEING.
   491 | D:2      | 491 ||| FLEEEEING.
   492 | D:2      | 492 ||| FLEEEEING.
   680 | D:2      | Reached XP level 4. HP: 22/22 MP: 5/5
   729 | D:2      | Found a shimmering blue altar of Sif Muna.
  1060 | D:2      | 1060 ||| DRINKING 2 coppery potions.
  1061 | D:2      | 1061 ||| DRINKING 2 viscous green potions.
  1097 | D:2      | 1097 ||| DROPPING potion of lignification.
  1424 | D:3      | Found Liez's Weapon Emporium.
  1560 | D:3      | You fall into a shaft and drop 2 floors!
  1560 | D:5      | Entered Level 5 of the Dungeon
  1568 | D:5      | 1568 ||| READING scroll labelled YNOSUZX ROXUE.
  1569 | D:5      | 1569 ||| READING scroll labelled NYPOLI TANLIESCH.
  1569 | D:5      | 1569 ||| BRANDING +0 shortbow.
  1570 | D:5      | 1570 ||| DRINKING 2 murky dark potions.
  1571 | D:5      | 1571 ||| DRINKING 2 glowing clear potions.
  1574 | D:5      | Reached XP level 5. HP: 26/26 MP: 6/6
  1689 | D:4      | Reached skill level 6 in Ranged Weapons
  1745 | D:4      | 1745 ||| READING scroll labelled DAYGRANUAC.
  1747 | D:4      | Found Kymafyot's Book Shoppe.
  1748 | D:4      | 1748 ||| READING scroll labelled WEZO MITIKK.
  1748 | D:4      | 1748 ||| ENCHANTING +0 shortbow of electrocution.
  1749 | D:4      | 1749 ||| Stepping randomly (stuck).
  1750 | D:4      | 1750 ||| Stepping randomly (stuck).
  1751 | D:4      | 1751 ||| Stepping randomly (stuck).
  1752 | D:4      | 1752 ||| Stepping randomly (stuck).
  1753 | D:4      | 1753 ||| Stepping randomly (stuck).
  1754 | D:4      | 1754 ||| Stepping randomly (stuck).
  1755 | D:4      | 1755 ||| Stepping randomly (stuck).
  1756 | D:4      | 1756 ||| Stepping randomly (stuck).
  1757 | D:4      | 1757 ||| Stepping randomly (stuck).
  1758 | D:4      | 1758 ||| Stepping randomly (stuck).
  1759 | D:4      | 1759 ||| Stepping randomly (stuck).
  1760 | D:4      | 1760 ||| Stepping randomly (stuck).
  1761 | D:4      | 1761 ||| Stepping randomly (stuck).
  1762 | D:4      | 1762 ||| Stepping randomly (stuck).
  1763 | D:4      | 1763 ||| Stepping randomly (stuck).
  1764 | D:4      | 1764 ||| Stepping randomly (stuck).
  1765 | D:4      | 1765 ||| Stepping randomly (stuck).
  1766 | D:4      | 1766 ||| Stepping randomly (stuck).
  1767 | D:4      | 1767 ||| Stepping randomly (stuck).
  1768 | D:4      | 1768 ||| Stepping randomly (stuck).
  1769 | D:4      | 1769 ||| Stepping randomly (stuck).
  1770 | D:4      | 1770 ||| Stepping randomly (stuck).
  1771 | D:4      | 1771 ||| Stepping randomly (stuck).
  1772 | D:4      | 1772 ||| Stepping randomly (stuck).
  1773 | D:4      | 1773 ||| Stepping randomly (stuck).
  1774 | D:4      | 1774 ||| Stepping randomly (stuck).
  1775 | D:4      | 1775 ||| Stepping randomly (stuck).
  1776 | D:4      | 1776 ||| Stepping randomly (stuck).
  1777 | D:4      | 1777 ||| Stepping randomly (stuck).
  1778 | D:4      | 1778 ||| Stepping randomly (stuck).
  1779 | D:4      | 1779 ||| Stepping randomly (stuck).
  1780 | D:4      | 1780 ||| Stepping randomly (stuck).
  1781 | D:4      | 1781 ||| Stepping randomly (stuck).
  1782 | D:4      | 1782 ||| Stepping randomly (stuck).
  1783 | D:4      | 1783 ||| Stepping randomly (stuck).
  1784 | D:4      | 1784 ||| Stepping randomly (stuck).
  1785 | D:4      | 1785 ||| Stepping randomly (stuck).
  1786 | D:4      | 1786 ||| Stepping randomly (stuck).
  1787 | D:4      | 1787 ||| Stepping randomly (stuck).
  1788 | D:4      | 1788 ||| Stepping randomly (stuck).
  1789 | D:4      | 1789 ||| Stepping randomly (stuck).
  1790 | D:4      | 1790 ||| Stepping randomly (stuck).
  1791 | D:4      | 1791 ||| Stepping randomly (stuck).
  1792 | D:4      | 1792 ||| Stepping randomly (stuck).
  1793 | D:4      | 1793 ||| Stepping randomly (stuck).
  1794 | D:4      | 1794 ||| Stepping randomly (stuck).
  1795 | D:4      | 1795 ||| Stepping randomly (stuck).
  1796 | D:4      | 1796 ||| Stepping randomly (stuck).
  1797 | D:4      | 1797 ||| Stepping randomly (stuck).
  1798 | D:4      | 1798 ||| Stepping randomly (stuck).
  1799 | D:4      | 1799 ||| Stepping randomly (stuck).
  1800 | D:4      | 1800 ||| Stepping randomly (stuck).
  1801 | D:4      | 1801 ||| Stepping randomly (stuck).
  1802 | D:4      | 1802 ||| Stepping randomly (stuck).
  1803 | D:4      | 1803 ||| Stepping randomly (stuck).
  1804 | D:4      | 1804 ||| Stepping randomly (stuck).
  1805 | D:4      | 1805 ||| Stepping randomly (stuck).
  1806 | D:4      | 1806 ||| Stepping randomly (stuck).
  1807 | D:4      | 1807 ||| Stepping randomly (stuck).
  1808 | D:4      | 1808 ||| Stepping randomly (stuck).
  1809 | D:4      | 1809 ||| Stepping randomly (stuck).
  1810 | D:4      | 1810 ||| Stepping randomly (stuck).
  2023 | D:3      | Reached skill level 6 in Dodging
  2023 | D:3      | Reached XP level 6. HP: 25/30 MP: 7/7
  2139 | D:3      | 2139 ||| DRINKING 2 lumpy inky potions.
  2139 | D:3      | Gained mutation: You possess an exceptional clarity of
                  | mind. [potion of mutation]
  2139 | D:3      | Gained mutation: You do not regenerate when monsters are
                  | visible. [potion of mutation]
  2139 | D:3      | Gained mutation: Your system is resistant to poisons.
                  | (rPois) [potion of mutation]
  2140 | D:3      | 2140 ||| DRINKING potion of mutation.
  2140 | D:3      | Lost mutation: Your system is resistant to poisons. (rPois)
                  | [potion of mutation]
  2140 | D:3      | Lost mutation: You do not regenerate when monsters are
                  | visible. [potion of mutation]
  2140 | D:3      | Gained mutation: Your magical capacity is low. (-10% MP)
                  | [potion of mutation]
  2140 | D:3      | Gained mutation: Your spells are a little harder to cast,
                  | but a little more powerful. [potion of mutation]
  2226 | D:4      | 2226 ||| READING scroll of brand weapon.
  2226 | D:4      | 2226 ||| BRANDING +1 shortbow of electrocution.
  2352 | D:4      | Found a hazy altar of Hepliaklqana.
  2433 | D:4      | Found a glowing golden altar of the Shining One.
  2532 | D:4      | Slain by an ogre

Levels and vault maps discovered:
D:1:      scummos_arrival_gate, layout_rooms, basic_ecumenical_altar,
          serial_bayou_pond_e, chequers_serial_rivers_small_a,
          serial_park_tiny_2
D:2:      layout_basic, basic_altar
D:3:      layout_basic, serial_shops, shop
D:4:      minmay_opposing_rooms, layout_cave_pools, mainiacjoe_overflow_catwalk,
          nicolae_tso_besieged_by_evil, serial_shops, shop,
          minmay_misc_feat_five, nrook_loot_triangle,
          chequers_serial_rivers_room_a
D:5:      layout_loops_ring, mainiacjoe_overflow_chevrons, slow_altar_1

Skill      XL: |  1  2  3  4  5 |
---------------+----------------+-----
Dodging        | 3 4 5 6 |  6.1
Ranged Weapons | 5 6 |  6.3
Fighting       | 2 |  2.0
Stealth        | |  1.5

Action                     |  1- 3 |  4- 6 || total
---------------------------+-------+-------++-------
   Fire: Shortbow          |    90 |   190 ||   280
    Use: Scroll            |     3 |     5 ||     8
         Potion            |       |     6 ||     6
 Armour: Robe              |    10 |    17 ||    27
  Dodge: Dodged            |    35 |    66 ||   101

Table legend:
 A = Non-vault XP
 B = Vault XP
 C = Vault XP percentage of total XP
 D = Non-vault monster count
 E = Vault monster count
 F = Vault count percentage of total count
                 A         B        C        D         E       F
            +---------+---------+-------+---------+---------+-------
      Total |     459 |      72 |  13.6 |      88 |      16 |  15.4
            +---------+---------+-------+---------+---------+-------
        D:1 |      39 |       0 |   0.0 |      22 |       0 |   0.0
        D:2 |     110 |       0 |   0.0 |      30 |       0 |   0.0
        D:3 |     119 |       0 |   0.0 |      19 |       0 |   0.0
        D:4 |     148 |      72 |  32.7 |      16 |      16 |  50.0
        D:5 |      43 |       0 |   0.0 |       1 |       0 |   0.0
            +---------+---------+-------+---------+---------+-------
